 Dungeon Crawl Stone Soup version 0.25-a0-35-g747a2b3c0c (webtiles) character file.

Game seed: 13541581295937720072, levelgen mode: deterministic

122 Gynju the Firebug (level 4, -1/24 HPs)
             Began as a Deep Elf Fire Elementalist on Oct 19, 2019.
             Slain by Sigmund
             ... wielding a +0 scythe
              (8 damage)
             ... on level 3 of the Dungeon.
             The game lasted 00:03:56 (3344 turns).

Gynju the Firebug (Deep Elf Fire Elementalist)      Turns: 3344, Time: 00:03:57

Health: -1/24      AC:  4    Str:  5    XL:     4   Next: 78%
Magic:  11/12      EV: 12    Int: 21    God:
Gold:   175        SH:  0    Dex: 15    Spells: 5/11 levels left

rFire    . . .     SeeInvis .   t - +5 flail (crush)
rCold    . . .     Gourm    .   h - +0 buckler
rNeg     . . .     Faith    .   n - +0 leather armour
rPois    .         Spirit   .   (no helmet)
rElec    .         Reflect  .   (no cloak)
rCorr    .         Harm     .   v - +0 pair of gloves
MR       .....                  (no boots)
Stlth    +.........             (no amulet)
HPRegen  0.08/turn              (no ring)
MPRegen  0.13/turn              (no ring)

@: confused
A: no striking features
a: no special abilities


You were on level 3 of the Dungeon.
You were very hungry.

You visited 1 branch of the dungeon, and saw 3 of its levels.

You collected 175 gold pieces.

Inventory:

Hand Weapons
 e - a +1 whip of electrocution
 t - a +5 flail of crushing (weapon)
Missiles
 g - 5 javelins (quivered)
Armour
 h - a +0 buckler (worn)
 n - a +0 leather armour (worn)
 v - a +0 pair of gloves (worn)
Jewellery
 x - a +2 ring of protection {unknown}
Scrolls
 b - 3 scrolls of teleportation {unknown}
 d - 2 scrolls of remove curse {unknown}
 f - 4 scrolls of random uselessness {unknown}
 j - a scroll of enchant weapon {unknown}
 k - a scroll of blinking {unknown}
 l - 4 scrolls of identify {unknown}
 o - a scroll of magic mapping {unknown}
 q - 2 scrolls of noise {unknown}
 w - 2 scrolls of immolation {unknown}
Potions
 a - a potion of berserk rage {unknown}
 i - 3 potions of curing {unknown}
 m - a potion of brilliance {unknown}
 p - 2 potions of heal wounds {unknown}
 r - a potion of haste {unknown}
 s - a potion of degeneration {unknown}
 u - a potion of agility {unknown}
Comestibles
 c - 6 rations


   Skills:
 + Level 3.5 Dodging
 - Level 2.4 Stealth
 + Level 1.2 Shields
 + Level 4.0 Spellcasting
 + Level 2.4 Conjurations
 + Level 4.0 Fire Magic


You had 5 spell levels left.
You knew the following spells:

 Your Spells              Type           Power        Failure   Level  Hunger
a - Flame Tongue          Conj/Fire      ###..        8%          1    None
b - Throw Flame           Conj/Fire      ###...       11%         2    #......
c - Conjure Flame         Conj/Fire      ###.....     22%         3    ###....

Your spell library contained the following spells:

 Spells                   Type           Power        Failure   Level  Hunger
 Inner Flame              Hex/Fire       ##......     36%         3    ###....
 Sticky Flame             Conj/Fire      ###.....     58%         4    ####...
 Fireball                 Conj/Fire      ###.......   90%         5    ######.


Dungeon Overview and Level Annotations

Branches:
Dungeon (3/15)

Altars:
Cheibriados
Elyvilon
Xom
Zin

Annotations:
D:3 Sigmund


Message History

You are more confused.
Sigmund hits you with a +0 scythe. Sigmund hits you but does no damage.
You closely miss Sigmund.
Sigmund is severely wounded.
Sigmund gestures wildly while chanting.
Sigmund flickers and vanishes!
Deactivating autopickup; reactivate with Ctrl-A.
Something hits you!
Ouch! That really hurt!
* * * LOW HITPOINT WARNING * * *
You closely miss something. Something hits you but does no damage.
You barely miss something.
You bump into the rock wall.
Something hits you but does no damage.
You barely miss something.
You hear some strange, mumbled words.
You are more confused.
You bump into the rock wall.
Something hits you but does no damage.
You're too confused to move!
Something hits you!
You die...

..##......### #.#.###
..##......#### #.#.#
.............# #.#.#
..##......##.## #.#.#
..##......##..# #.#.#
#.###########.####.#.#
#.#.(............#.#.#
#.#.###........)...#.#
#.#.###.######.#@###)######
...............{..)......>#
#.......######.#.#.#......#######
#...#...# #.#<#.##.###....))).
#..#_#..# #..##.##.# #.######.
#...#...#######.##.##.# #.# ##.
#.......#..........##.# #.# #..
#.#..##.#.#####..####.# #.# #..
#.#.###.#.........# #.# #.# #..


There were no monsters in sight!

Vanquished Creatures
  Terence (D:2)
  Robin (D:3)
  3 adders (D:2)
  An ooze (D:3)
  2 worms (D:2)
  2 dart slugs (D:1)
  An orc (D:3)
  A giant cockroach (D:2)
  13 goblins
  5 hobgoblins
  2 quokkas
  2 bats
  2 frilled lizards
  5 kobolds
  4 rats
45 creatures vanquished.

Vanquished Creatures (others)
  A bush (D:3)
1 creature vanquished.

Grand Total: 46 creatures vanquished

Notes
Turn   | Place    | Note
-------+----------+-------------------------------------------
     0 | D:1      | Gynju the Deep Elf Fire Elementalist began the quest for
                  | the Orb.
     0 | D:1      | Reached XP level 1. HP: 10/10 MP: 6/6
   415 | D:1      | Reached XP level 2. HP: 15/15 MP: 6/8
   992 | D:2      | Reached XP level 3. HP: 19/19 MP: 5/10
  1250 | D:2      | Found a snail-covered altar of Cheibriados.
  1629 | D:2      | Learned a level 2 spell: Throw Flame
  1633 | D:2      | Learned a level 3 spell: Conjure Flame
  1845 | D:2      | Noticed Terence
  1853 | D:2      | Killed Terence
  1853 | D:2      | Reached skill level 1 in Shields
  1853 | D:2      | Reached XP level 4. HP: 7/24 MP: 2/11
  2280 | D:3      | Found a faded altar of an unknown god.
  2431 | D:3      | Noticed an angel
  2433 | D:3      | Found a glowing silver altar of Zin.
  2435 | D:3      | Found a shimmering altar of Xom.
  2532 | D:3      | Noticed Sigmund
  2572 | D:3      | Noticed Robin
  2668 | D:3      | Found a white marble altar of Elyvilon.
  2833 | D:3      | Killed Robin
  3344 | D:3      | Slain by Sigmund

Levels and vault maps discovered:
D:1:      scummos_arrival_simple_crosswalls, layout_loops_ring,
          hangedman_decor_growths
D:2:      layout_basic, lemuel_crystal_altar, uniq_terence
D:3:      minmay_diamond_boxcup, layout_basic,
          grunt_temple_overflow_order_and_chaos_1, elyvilon_altar_1,
          chequers_ecumenical_altar_simple, uniq_robin, uniq_sigmund

Skill      XL: |  1  2  3  4 |
---------------+-------------+-----
Dodging        | 3 |  3.5
Conjurations   | 2 |  2.4
Shields        | 1 |  1.2
Spellcasting   | 4 |  4.0
Fire Magic     | 4 |  4.0
Stealth        | |  2.4

Action                   |  1- 3 |  4- 6 || total
-------------------------+-------+-------++-------
Melee: Flail             |       |     5 ||     5
Throw: Javelin           |       |     1 ||     1
 Cast: Flame Tongue      |    48 |    44 ||    92
       Conjure Flame     |       |     2 ||     2
  Eat: Chunk             |     3 |     3 ||     6
Armor: Robe              |     1 |       ||     1
       Leather armour    |       |     9 ||     9
Dodge: Dodged            |    12 |    12 ||    24
Block: Buckler           |     1 |     4 ||     5

Table legend:
 A = Non-vault XP
 B = Vault XP
 C = Vault XP percentage of total XP
 D = Non-vault monster count
 E = Vault monster count
 F = Vault count percentage of total count
                 A         B        C        D         E       F
            +---------+---------+-------+---------+---------+-------
      Total |     101 |      74 |  42.3 |      31 |      14 |  31.1
            +---------+---------+-------+---------+---------+-------
        D:1 |      24 |       0 |   0.0 |      12 |       0 |   0.0
        D:2 |      62 |      36 |  36.7 |      13 |       1 |   7.1
        D:3 |      15 |      38 |  71.7 |       6 |      13 |  68.4
            +---------+---------+-------+---------+---------+-------
